 Dungeon Crawl Stone Soup version 0.29-a0-817-g9904bce7a6 (webtiles) character file.

Game seed: 1036265321456138403

175 wingedge the Vexing (level 5, -4/38 HPs)
             Began as a Vampire Enchanter on July 5, 2022.
             Was a Believer of Dithmenos.
             Slain by a black bear (5 damage)
             ... on level 3 of the Dungeon.
             The game lasted 00:11:08 (2437 turns).

wingedge the Vexing (Vampire Enchanter)             Turns: 2437, Time: 00:11:09

Health: -4/38      AC:  3    Str:  7    XL:     5   Next: 29%
Magic:  2/8        EV: 12    Int: 26    God:    Dithmenos [**....]
Gold:   127        SH:  0    Dex: 14    Spells: 4/9 levels left

rFire   . . .      SeeInvis +   a - +1 dagger
rCold   . . .      Faith    .   (no shield)
rNeg    . . .      Spirit   .   b - +0 robe
rPois   .          Reflect  .   (no helmet)
rElec   .          Harm     .   q - +0 cloak
rCorr   .          Rampage  .   (no gloves)
Will    .....                   (no boots)
Stlth   +++.......              h - amulet of regeneration
HPRegen 1.12/turn               r - +6 ring of intelligence
MPRegen 0.11/turn               (no ring)

@: confusing by touch, healing quickly, wreathed by umbra, invisible
A: alive, fangs 3, see invisible, vampiric 2
a: Exsanguinate, Renounce Religion, Shadow Step


You were on level 3 of the Dungeon.
You worshipped Dithmenos.
Dithmenos was pleased with you.
You visited 1 branch of the dungeon, and saw 3 of its levels.

You collected 127 gold pieces.

Inventory:

Hand Weapons
 a - a +1 dagger (weapon)
 e - a +0 short sword
Armour
 b - a +0 robe (worn)
 o - a +0 ring mail
 q - a +0 cloak (worn)
Jewellery
 h - an amulet of regeneration (around neck)
 r - a +6 ring of intelligence (left hand)
Scrolls
 i - 2 scrolls of amnesia {unknown}
 k - a scroll of blinking {unknown}
 m - a scroll of identify {unknown}
 p - a scroll of vulnerability {unknown}
Potions
 c - 3 potions of invisibility
 d - a potion of mutation {unknown}
 f - 4 potions of curing {unknown}
 g - 2 potions of heal wounds {unknown}
 j - a potion of cancellation {unknown}
 l - a potion of lignification {unknown}
 n - a potion of degeneration {unknown}


   Skills:
 * Level 2.0 Fighting
 + Level 2.2 Short Blades
 + Level 0.1 Armour
 + Level 2.8 Dodging
 + Level 5.0 Stealth
 * Level 2.6 Spellcasting
 * Level 5.3 Hexes
 + Level 0.3 Summonings
 * Level 1.3 Ice Magic


You had 4 spell levels left.
You knew the following spells:

 Your Spells              Type           Power      Damage    Failure   Level
a - Ensorcelled Hibernat  Hex/Ice        40%        N/A       3%          2
b - Confusing Touch       Hex            31%        N/A       3%          3

Your spell library contained the following spells:

 Spells                   Type           Power      Damage    Failure   Level
 Tukima's Dance           Hex            31%        N/A       3%          3
 Dazzling Flash           Conj/Hex       34%        N/A       10%         3
 Summon Ice Beast         Ice/Summ       7%         N/A       56%         4
 Summon Mana Viper        Hex/Summ       18%        N/A       63%         5
 Monstrous Menagerie      Summ           2%         N/A       100%        7


Dungeon Overview and Level Annotations

Branches:
Dungeon (3/15)

Altars:
Dithmenos
Ru


Innate Abilities, Weirdness & Mutations

Your natural rate of healing is accelerated.
You have razor-sharp teeth.
You have supernaturally acute eyesight. (SInv)
You are afflicted with vampirism and can become a bat while bloodless.


Message History

Found a robe and 16 gold pieces.
The black bear growls angrily.
The black bear bites you but does no damage.
The black bear barely misses you. The black bear closely misses you.
An adder comes into view.
You barely miss the black bear. Your bite misses the black bear.
The black bear bites you. The black bear claws you.
The black bear barely misses you.
Casting: Ensorcelled Hibernation (safe; 3% risk of failure)
Confirm with . or Enter, or press ? or * to list all spells.
Aiming: Ensorcelled Hibernation (safe; 3% risk of failure)
Press: ? - help, Shift-Dir - straight line, f - black bear
Aim: a black bear (umbra, chance to affect: 52%)
The black bear looks drowsy...
The helpless black bear fails to defend itself.
You impale the black bear!!
The black bear is almost dead.
The black bear barely misses you. The black bear claws you.
The black bear closely misses you.
Okay, then.
Okay, then.
Casting: Ensorcelled Hibernation (safe; 3% risk of failure)
Confirm with . or Enter, or press ? or * to list all spells.
Your hands begin to glow red.
The black bear goes berserk!
The adder bites you.
You barely miss the black bear.
The black bear is almost dead.
The black bear misses you. The black bear closely misses you.
The black bear claws you.
The black bear bites you but does no damage.
The black bear claws you. x2; The adder bites you.
You fade into invisibility!
The black bear bites you!
* * * LOW HITPOINT WARNING * * *
The black bear closely misses you. The black bear claws you.
* * * LOW HITPOINT WARNING * * *
The adder closely misses you. The black bear misses you.
The black bear claws you.
* * * LOW HITPOINT WARNING * * *
The black bear claws you.
You die...

### #### ........#
##### ^... $..
..... ......##...
######.##..... .
##...........##....
#.........S...#..[.
..........h.....#
...........@:..##
...............#
......†........###
..................
................#..
...................
......[..........#.
.....##...<####.##
.........### .


You could see a black bear (berserk, unable to see you) and an adder (unable to
see you).

Vanquished Creatures
  An orc priest (D:2)
  Crazy Yiuf (D:2)
  Terence (D:2)
  An orc wizard (D:2)
  2 adders (D:2)
  An orc (D:1)
  5 ball pythons
  6 bats
  5 endoplasms
  A giant cockroach (D:2)
  7 goblins
  4 hobgoblins (D:2)
  4 kobolds
  3 frilled lizards
  7 rats
49 creatures vanquished.

Notes
Turn   | Place    | Note
-------+----------+-------------------------------------------
     0 | D:1      | wingedge the Vampire Enchanter began the quest for the Orb.
     0 | D:1      | Reached XP level 1. HP: 13/13 MP: 3/3
   191 | D:1      | Reached XP level 2. HP: 12/16 MP: 5/5
   634 | D:1      | Found a faded altar of an unknown god.
   639 | D:1      | Reached skill level 1 in Fighting
   653 | D:1      | Prayed at the altar of an unknown god.
   653 | D:1      | Became a worshipper of Dithmenos the Shadowed
   653 | D:1      | Reached * piety under Dithmenos
  1006 | D:1      | Learned a level 2 spell: Ensorcelled Hibernation
  1126 | D:2      | Gained mutation: You are afflicted with vampirism and can
                  | become a bat while bloodless. [Vampire growth]
  1126 | D:2      | Reached XP level 3. HP: 23/23 MP: 3/6
  1128 | D:2      | Reached XP level 4. HP: 28/28 MP: 1/7
  1239 | D:2      | Reached skill level 5 in Hexes
  1297 | D:2      | Reached skill level 1 in Ice Magic
  1551 | D:2      | Learned a level 3 spell: Confusing Touch
  1752 | D:2      | Reached ** piety under Dithmenos
  1795 | D:2      | Found a sacrificial altar of Ru.
  1795 | D:2      | Noticed Terence
  1810 | D:2      | Killed Terence
  1991 | D:2      | Reached skill level 5 in Stealth
  1991 | D:2      | Reached XP level 5. HP: 38/38 MP: 8/8
  2151 | D:2      | Found a runed translucent door.
  2152 | D:2      | Noticed Crazy Yiuf
  2161 | D:2      | Killed Crazy Yiuf
  2422 | D:3      | Noticed a black bear
  2437 | D:3      | HP: 1/38 [black bear (6)]
  2437 | D:3      | Slain by a black bear

Illustrated notes

Levels and vault maps discovered:
D:1:      giann_forest_graveyard, layout_basic,
          shapermc_ecumenical_altar_starsandcircs
D:2:      layout_basic, basic_altar, uniq_terence, uniq_crazy_yiuf_cottage
D:3:      layout_rooms, worldfamousw_hep_ancestral_shrine,
          biasface_ghost_orc_armoury, minmay_diced_spiral

Skill      XL: |  1  2  3  4  5 |
---------------+----------------+-----
Fighting       | 1 2 |  2.0
Hexes          | 5 |  5.3
Ice Magic      | 1 |  1.3
Short Blades   | 2 |  2.2
Stealth        | 5 |  5.0
Armour         | |  0.1
Dodging        | |  2.8
Spellcasting   | |  2.6
Summonings     | |  0.3

Action                   |  1- 3 |  4- 6 || total
-------------------------+-------+-------++-------
Melee: Dagger            |    33 |    47 ||    80
       Short sword       |     6 |     7 ||    13
       Bite              |     3 |     3 ||     6
       Punch             |     2 |       ||     2
 Cast: Ensorcelled Hiber |     3 |    23 ||    26
       Confusing Touch   |       |     3 ||     3
 Abil: Exsanguinate      |     1 |       ||     1
       Revivify          |     1 |       ||     1
  Use: Potion            |       |     1 ||     1
 Stab: Sleeping          |    11 |    22 ||    33
Armor: Robe              |     5 |     6 ||    11
Dodge: Dodged            |    18 |    39 ||    57

Table legend: (Time is in decaauts)
 A = Elapsed time spent in this place.
 B = Non-inter-level travel time spent in this place.
 C = Inter-level travel time spent in this place.
 D = Time resting spent in this place.
 E = Time spent auto-exploring this place.
 F = Levels seen in this place.
 G = Mean time per level.
                   A        B        C        D        E       F      G
               +--------+--------+--------+--------+--------+-----+--------+
         Total |   2428 |   2335 |     93 |    476 |   1165 |   3 |  809.3 |
       Dungeon |   2428 |   2335 |     93 |    476 |   1165 |   3 |  809.3 |
               +--------+--------+--------+--------+--------+-----+--------+

Top non-repeatable levels by time:
     D:2: 1245 daAuts
     D:1: 1166 daAuts
     D:3: 16 daAuts
